 Dungeon Crawl Stone Soup version 0.25-a0-731-g0472a16 (webtiles) character file.

Game seed: 12016602656784793665, levelgen mode: deterministic

1028 Hazorath the Skirmisher (level 8, -1/64 HPs)
             Began as a Demonspawn Fighter on Apr 8, 2020.
             Was a Follower of Okawaru.
             Splashed by a jelly's acid (9 damage)
             ... on level 5 of the Dungeon.
             The game lasted 00:18:13 (5316 turns).

Hazorath the Skirmisher (Demonspawn Fighter)        Turns: 5316, Time: 00:18:15

Health: -1/64      AC:  0    Str: 19    XL:     8   Next: 3%
Magic:  0/8        EV: 10    Int: 10    God:    Okawaru [*.....]
Gold:   277        SH: 10    Dex: 12    Spells: 7/7 levels left

rFire    . . .     SeeInvis .   a - +0 rapier
rCold    . . .     Gourm    .   c - +0 kite shield
rNeg     . . .     Faith    +   b - +0 scale mail
rPois    .         Spirit   +   (helmet restricted)
rElec    .         Reflect  .   u - scarf {Spirit}
rCorr    .         Harm     .   (no gloves)
MR       .....                  (no boots)
Stlth    ..........             s - amulet of faith
HPRegen  0.20/turn              (no ring)
MPRegen  0.11/turn              (no ring)

@: corroded
A: antennae 1, repulsion field 2, rot immunity
a: Heroism, Renounce Religion


You were on level 5 of the Dungeon.
You worshipped Okawaru.
Okawaru was aware of your devotion.
You were not hungry.

You visited 2 branches of the dungeon, and saw 6 of its levels.
You also visited: Sewer.

You collected 277 gold pieces.

Inventory:

Hand Weapons
 a - a +0 rapier (weapon)
Armour
 b - a +0 scale mail (worn)
 c - a +0 kite shield (worn)
 u - a scarf of spirit shield (worn)
Jewellery
 g - an uncursed amulet of guardian spirit
 s - an amulet of faith (around neck)
 v - an uncursed ring of see invisible {unknown}
Wands
 d - a wand of flame (6)
Scrolls
 l - 3 scrolls of remove curse
 n - 2 scrolls of fear
 o - a scroll of amnesia {unknown}
 r - a scroll of magic mapping
Potions
 e - a potion of invisibility {unknown}
 h - a potion of stabbing
 i - 3 potions of curing
 j - 3 potions of brilliance
 k - a potion of mutation {unknown}
 m - 2 potions of berserk rage
 q - a potion of haste
Miscellaneous
 p - a phial of floods
Comestibles
 f - 12 rations
 t - 3 chunks of flesh


   Skills:
 + Level 5.7 Fighting
 - Level 3.0 Short Blades
 + Level 5.5 Armour
 + Level 5.5 Shields


You had 7 spell levels left.
You didn't know any spells.
Your spell library contained the following spells:

 Spells                   Type           Power        Failure   Level  Hunger
 Animate Skeleton         Necr           N/A          98%         1    ##.....
 Apportation              Tloc           #.....       98%         1    ##.....
 Corona                   Hex            #......      98%         1    ##.....
 Summon Small Mammal      Summ           #...         98%         1    ##.....


Dungeon Overview and Level Annotations

Branches:
Dungeon (5/15)             Temple (1/1) D:4           Sewer (visited)

Altars:
Ashenzari
Cheibriados
Dithmenos
Elyvilon
Fedhas
Gozag
Hepliaklqana
Kikubaaqudgha
Makhleb
Nemelex Xobeh
Okawaru
Qazlal
Ru
Sif Muna
Trog
Uskayaw
Vehumet
Wu Jian
Xom
Yredelemnul
Zin
The Shining One

Portals:
Abyss: D:3

Annotations:
D:3 2 transporters, YayAnonymity's ghost, amateur DsGl


Innate Abilities, Weirdness & Mutations

You have a pair of small antennae on your head.
You are surrounded by a moderate repulsion field. (EV +3)
You are immune to rotting.


Message History

You block the jelly's attack.
You hit the jelly.
Your hands burn!
The jelly is severely wounded.
The jelly closely misses you.
You completely miss the jelly.
The jelly is severely wounded.
You block the jelly's attack.
You completely miss the jelly.
The jelly is severely wounded.
The jelly hits you.
* * * LOW HITPOINT WARNING * * *
You are splashed with acid!
* * * LOW HITPOINT WARNING * * *
You hit the jelly.
Your hands burn!
* * * LOW HITPOINT WARNING * * *
The jelly is almost dead.
You block the jelly's attack. The jelly hits you.
* * * LOW HITPOINT WARNING * * *
You are splashed with acid!
You die...

##....# ******* #
#.#.## *,,,,,* #
#...# *,,,,,* #
#...# *,,,,,* #
#...# *,,,,,* #
###..# *,,,,,*
#..).# *,,,,,*
#.##.####..,,,*
#.@Jo...'..,,,*
####.####.%,,,*
**...,,*+****
*,.....,,,*
*,.......,*
*,.......,*
**,....)..,******
*,,.######**,,,,*
*,***≈≈≈≈≈≈***,,**


You could see a jelly and an orc.

Vanquished Creatures
  An ice beast (D:5)
  A centaur (D:5)
  2 bullfrogs (Sewer)
  A scorpion (D:5)
  A howler monkey (D:5)
  A crimson imp (D:5)
  An orc priest (D:5)
  3 hounds
  5 worker ants
  Ijyb (D:3)
  A hound zombie (D:2)
  A worker ant zombie (D:2)
  2 howler monkey skeletons
  7 adders
  9 gnolls
  An adder skeleton (D:4)
  6 worms
  A dart slug (D:1)
  5 leopard geckos
  9 orcs
  2 ball pythons (Sewer)
  3 bats
  16 giant cockroaches
  6 goblins
  8 hobgoblins
  11 jackals
  2 quokkas
  8 frilled lizards
  7 kobolds
  A leopard gecko skeleton (D:4)
  8 rats
131 creatures vanquished.

Notes
Turn   | Place    | Note
-------+----------+-------------------------------------------
     0 | D:1      | Hazorath the Demonspawn Fighter began the quest for the
                  | Orb.
     0 | D:1      | Reached XP level 1. HP: 18/18 MP: 1/1
    74 | D:1      | Gained mutation: You are surrounded by a mild repulsion
                  | field. (EV +2) [demonic ancestry]
    74 | D:1      | Reached XP level 2. HP: 23/24 MP: 2/2
   496 | D:2      | Gained mutation: You have a pair of small antennae on your
                  | head. [demonic ancestry]
   496 | D:2      | Reached XP level 3. HP: 18/29 MP: 3/3
   846 | D:2      | Gained mutation: You are surrounded by a moderate repulsion
                  | field. (EV +3) [demonic ancestry]
   846 | D:2      | Reached XP level 4. HP: 32/35 MP: 4/4
   853 | D:2      | Found a hazy altar of Hepliaklqana.
  1575 | D:3      | Noticed Ijyb
  1587 | D:3      | Killed Ijyb
  1587 | D:3      | Reached XP level 5. HP: 16/41 MP: 2/5
  1829 | D:3      | Found an opulent altar of Gozag.
  2047 | D:3      | Found a one-way gate to the infinite horrors of the Abyss.
  2047 | D:3      | Noticed YayAnonymity's ghost (amateur DsGl)
  2047 | D:3      | Identified the +3 whip "Qovyis" {distort, MP+9 Str+6}
  2047 | D:3      | Noticed a small abomination
  2137 | D:3      | Noticed an ancient zyme
  2196 | D:3      | Found a transporter.
  2206 | D:3      | Found a transporter.
  2410 | D:3      | Found a basalt altar of Yredelemnul.
  2416 | D:3      | Found a snail-covered altar of Cheibriados.
  2419 | D:3      | Found a shadowy altar of Dithmenos.
  2421 | D:3      | Found a radiant altar of Vehumet.
  2573 | D:4      | Reached XP level 6. HP: 14/48 MP: 3/6
  2878 | D:4      | Found a shimmering altar of Xom.
  3028 | D:4      | Found a staircase to the Ecumenical Temple.
  3041 | Temple   | Entered the Ecumenical Temple
  3135 | Temple   | Became a worshipper of Warmaster Okawaru
  3783 | D:5      | Entered Level 5 of the Dungeon
  3888 | D:5      | Found a glowing drain.
  3912 | D:5      | Reached XP level 7. HP: 34/55 MP: 3/7
  3952 | Sewer    | Entered a sewer
  4256 | Sewer    | Reached skill level 5 in Fighting
  4277 | Sewer    | Reached skill level 5 in Shields
  4643 | D:5      | Reached skill level 5 in Armour
  4735 | D:5      | Reached * piety under Okawaru
  5283 | D:5      | Gained mutation: You are immune to rotting. [demonic
                  | ancestry]
  5283 | D:5      | Reached XP level 8. HP: 63/64 MP: 5/8
  5316 | D:5      | Splashed by a jelly's acid

Levels and vault maps discovered:
D:1:      minmay_arrival_diagonal_passages, layout_rooms
D:2:      layout_loops_ring, old_standard_altar,
          minmay_fractal_squares_gapless_5
D:3:      layout_rooms, minitemple, gammafunk_ghost_abyssal_escape,
          grunt_gozag_breadcrumbs, uniq_ijyb
D:4:      layout_basic, lemuel_coloured_pillars_altar,
          minmay_temple_entry_offerings, first_ration, minmay_misc_feat_pillars
D:5:      layout_basic, gup_sewer_entry_glass, kennysheep_potato
Temple:   lightli_temple_of_artemis

Skill      XL: |  1  2  3  4  5  6  7 |
---------------+----------------------+-----
Shields        | 3 4 5 |  5.5
Armour         | 3 4 5 |  5.5
Short Blades   | 2 3 |  3.0
Fighting       | 4 5 |  5.7

Action                   |  1- 3 |  4- 6 |  7- 9 || total
-------------------------+-------+-------+-------++-------
Melee: Rapier            |   102 |   356 |   188 ||   646
Evoke: Wand              |       |       |     1 ||     1
  Use: Scroll            |     6 |     5 |     1 ||    12
       Potion            |     1 |     2 |     1 ||     4
  Eat: Chunk             |       |    10 |     2 ||    12
       Ration            |       |       |     1 ||     1
Armor: Scale mail        |    34 |    84 |    65 ||   183
Dodge: Dodged            |    28 |   145 |    71 ||   244
Block: Kite shield       |    53 |   161 |    81 ||   295

Table legend:
 A = Non-vault XP
 B = Vault XP
 C = Vault XP percentage of total XP
 D = Non-vault monster count
 E = Vault monster count
 F = Vault count percentage of total count
                 A         B        C        D         E       F
            +---------+---------+-------+---------+---------+-------
      Total |    1166 |     303 |  20.6 |     101 |      30 |  22.9
            +---------+---------+-------+---------+---------+-------
        D:1 |      45 |       0 |   0.0 |      18 |       0 |   0.0
        D:2 |     140 |      10 |   6.7 |      31 |       4 |  11.4
        D:3 |      43 |      35 |  44.9 |      17 |       1 |   5.6
        D:4 |     323 |       0 |   0.0 |      21 |       0 |   0.0
        D:5 |     615 |      33 |   5.1 |      14 |       5 |  26.3
      Sewer |       0 |     225 | 100.0 |       0 |      20 | 100.0
            +---------+---------+-------+---------+---------+-------
